 Dungeon Crawl Stone Soup version 0.25.0-9-g26727b657a (webtiles) character file.

Game seed: 9780886362288577686

189 Acheron the Chopper (level 5, -7/47 HPs)
             Began as a Hill Orc Monk on June 19, 2020.
             Was a Believer of Okawaru.
             Mangled by an ogre
             ... wielding a +0 giant club
              (18 damage)
             ... on level 4 of the Dungeon.
             The game lasted 00:16:13 (3017 turns).

Acheron the Chopper (Hill Orc Monk)                 Turns: 3017, Time: 00:16:14

Health: -7/47      AC:  8    Str: 14    XL:     5   Next: 68%
Magic:  6/6        EV: 10    Int: 13    God:    Okawaru [**....]
Gold:   151        SH:  0    Dex: 14    Spells: 6/6 levels left

rFire    . . .     SeeInvis +   a - +0 hand axe
rCold    . . .     Gourm    .   (no shield)
rNeg     . . .     Faith    .   u - +0 scale mail
rPois    .         Spirit   .   b - +0 helmet {Int+3}
rElec    .         Reflect  .   (no cloak)
rCorr    .         Harm     .   i - +0 pair of gloves
MR       .....                  (no boots)
Stlth    +.........             (no amulet)
HPRegen  0.15/turn              A - ring of see invisible
MPRegen  0.10/turn              (no ring)

@: no status effects
A: no striking features
a: Heroism, Renounce Religion


You were on level 4 of the Dungeon.
You worshipped Okawaru.
Okawaru was pleased with you.
You were very hungry.

You visited 2 branches of the dungeon, and saw 7 of its levels.

You collected 151 gold pieces.

Inventory:

Hand Weapons
 a - a +0 hand axe (weapon)
 g - a +0 short sword
 m - a +2 whip of electrocution
 q - a +1 short sword of draining
 r - a +0 quarterstaff of draining
 y - a +0 halberd
Missiles
 f - 20 sling bullets
 v - 86 stones
 C - 9 poisoned darts (quivered)
Armour
 b - a +0 helmet of intelligence (worn)
 d - a +0 ring mail
 i - a +0 pair of gloves (worn)
 u - a +0 scale mail (worn)
Magical Staves
 B - a cursed staff of cold {unknown}
Jewellery
 A - a ring of see invisible (left hand)
Scrolls
 h - 3 scrolls of identify {unknown}
 k - a scroll of blinking {unknown}
 l - a scroll of amnesia
 p - a scroll of noise {unknown}
 w - a scroll of remove curse
 x - a scroll of fear {unknown}
Potions
 e - 2 potions of heal wounds {unknown}
 j - a potion of lignification {unknown}
 n - a potion of invisibility {unknown}
 o - a potion of brilliance {unknown}
 s - 2 potions of curing {unknown}
 t - a potion of mutation {unknown}
 z - a potion of degeneration {unknown}
Comestibles
 c - 7 rations


   Skills:
 * Level 4.4 Fighting
 + Level 5.4 Axes
 * Level 0.1 Throwing
 * Level 2.0 Armour
 * Level 2.8 Dodging
 * Level 2.4 Stealth
 * Level 1.0 Spellcasting
 * Level 0.4 Invocations


You had 6 spell levels left.
You didn't know any spells.
Your spell library contained the following spells:

 Spells                   Type           Power        Failure   Level  Hunger
 Animate Skeleton         Necr           N/A          75%         1    ##.....
 Apportation              Tloc           #.....       75%         1    ##.....
 Corona                   Hex            #......      75%         1    ##.....
 Summon Small Mammal      Summ           #...         75%         1    ##.....


Dungeon Overview and Level Annotations

Branches:
Dungeon (6/15)             Temple (1/1) D:5

Altars:
Ashenzari
Cheibriados
Dithmenos
Elyvilon
Fedhas
Gozag
Hepliaklqana
Kikubaaqudgha
Makhleb
Nemelex Xobeh
Okawaru
Qazlal
Ru
Sif Muna
Trog
Uskayaw
Vehumet
Wu Jian
Xom
Yredelemnul
Zin
The Shining One

Shops:
D:5 [   D:6 [

Annotations:
D:5 exclusion: upstairs


Message History

The ogre completely misses you.
You hit the ogre.
The ogre is heavily wounded.
The ogre completely misses you.
You hit the ogre.
The ogre is severely wounded.
Your scale mail prevents you from hitting the ogre.
The ogre is severely wounded.
The ogre hits you with a +0 giant club!!
You barely miss the ogre.
The ogre is severely wounded.
The ogre misses you.
You hit the ogre.
The ogre is severely wounded.
The ogre hits you with a +0 giant club!
* * * LOW HITPOINT WARNING * * *
You hit the ogre.
The ogre is severely wounded.
The ogre hits you with a +0 giant club!!
You die...

#.####.######.## #####.
#.(....# #.# #.....
#..###.# ##.######....#
#..# #.# #..##.........
#..# #.# ###.#...........
##..# #.# #.._..#.##......
#...# #.###.#.###.###.....
#.#.###.##....###.###....#
#......(O@.....##...#.####
#.#####.######........#
#(# #.# ####...### #(##
#.# ##.## #..# #.# #.#
##.# #.# #.# #.# #.# #.#
#.# #.# #.# #.# #.#


You could see an ogre.

Vanquished Creatures
  A hound (D:5)
  An orc wizard (D:3)
  A killer bee zombie (D:5)
  A worker ant zombie (D:5)
  A howler monkey skeleton (D:4)
  2 adders (D:3)
  2 gnolls (D:4)
  2 worms
  A dart slug (D:1)
  3 leopard geckos
  3 orcs
  6 bats
  A giant cockroach (D:1)
  A hobgoblin (D:1)
  5 jackals (D:2)
  5 kobolds (D:1)
  A quokka (D:5)
  2 frilled lizards
  3 goblins
  8 rats
50 creatures vanquished.

Notes
Turn   | Place    | Note
-------+----------+-------------------------------------------
     0 | D:1      | Acheron the Hill Orc Monk began the quest for the Orb.
     0 | D:1      | Reached XP level 1. HP: 19/19 MP: 1/1
   179 | D:1      | Reached XP level 2. HP: 4/27 MP: 2/2
   858 | D:1      | Reached XP level 3. HP: 33/33 MP: 3/3
  1175 | D:3      | Reached skill level 1 in Armour
  1175 | D:3      | Reached XP level 4. HP: 35/40 MP: 4/4
  1946 | D:4      | Reached skill level 5 in Axes
  2084 | D:4      | Reached XP level 5. HP: 45/46 MP: 6/6
  2125 | D:4      | Found a glowing golden altar of the Shining One.
  2189 | D:4      | Noticed a phantom
  2206 | D:4      | Noticed an ogre
  2217 | D:5      | Entered Level 5 of the Dungeon
  2303 | D:5      | Found an iron altar of Okawaru.
  2409 | D:5      | Became a worshipper of Warmaster Okawaru
  2409 | D:5      | Reached * piety under Okawaru
  2409 | D:5      | Reached ** piety under Okawaru
  2444 | D:5      | Noticed a phantom
  2459 | D:5      | Reached skill level 1 in Spellcasting
  2475 | D:6      | Noticed a sky beast
  2482 | D:6      | Found Xymaefoi's Antique Armour Shoppe.
  2506 | D:5      | Found a staircase to the Ecumenical Temple.
  2512 | Temple   | Entered the Ecumenical Temple
  2755 | D:5      | Found Nebaz's Armour Shop.
  3017 | D:4      | Mangled by an ogre

Illustrated notes

Levels and vault maps discovered:
D:1:      denvon_arrival_waterhouse, layout_basic
D:2:      layout_rooms
D:3:      layout_loops_corners, first_ration
D:4:      kennysheep_goblin_castle, layout_loops_ring, lemuel_crystal_altar
D:5:      layout_loops_cross, minmay_temple_entry_statues, basic_altar,
          serial_shops, shop, kennysheep_mini_moat, shop_fountains, shop,
          hangedman_feature_mirror, kennysheep_windowed_goal
D:6:      layout_rooms, serial_shops, shop, nicolae_shop_crystal,
          nicolae_ru_path_of_blood
Temple:   grunt_wide_crystal_templ

Skill      XL: |  1  2  3  4  5 |
---------------+----------------+-----
Stealth        | 2 |  2.4
Fighting       | 4 |  4.4
Armour         | 1 2 |  2.0
Axes           | 5 |  5.4
Spellcasting   | 1 |  1.0
Throwing       | |  0.1
Dodging        | |  2.8
Invocations    | |  0.4

Action                   |  1- 3 |  4- 6 || total
-------------------------+-------+-------++-------
Melee: Hand axe          |   130 |   149 ||   279
Throw: Dart              |       |     3 ||     3
Invok: Heroism           |       |     1 ||     1
  Use: Scroll            |     5 |       ||     5
 Stab: Sleeping          |     3 |     1 ||     4
  Eat: Chunk             |     1 |     5 ||     6
Armor: Robe              |     4 |       ||     4
       Ring mail         |    58 |    37 ||    95
       Scale mail        |       |    28 ||    28
Dodge: Dodged            |   110 |    92 ||   202
